 Dungeon Crawl Stone Soup version 0.27.1-33-g824d729ab1 (webtiles) character file.

Game seed: 5674353371626878972

7658 Ekaitz the Covert (level 10, -10/58 HPs)
             Began as a Deep Elf Earth Elementalist on Dec 10, 2021.
             Was a Believer of Vehumet.
             Mangled by a tyrant leech (29 damage)
             ... on level 2 of the Lair of Beasts.
             The game lasted 00:33:53 (13756 turns).

Ekaitz the Covert (Deep Elf Earth Elementalist)    Turns: 13756, Time: 00:33:53

Health: -10/58     AC: 10    Str:  8    XL:     10   Next: 99%
Magic:  12/23      EV: 13    Int: 21    God:    Vehumet [**....]
Gold:   335        SH:  0    Dex: 19    Spells: 9/23 levels left

rFire    + . .     SeeInvis +   f - +9 dagger of Sohytydd {venom, rF+ Dex+4 SInv}
rCold    . . .     Faith    .   (no shield)
rNeg     . . .     Spirit   .   V - +0 acid dragon scales
rPois    .         Reflect  .   G - +0 helmet
rElec    .         Harm     .   a - +0 cloak
rCorr    +         Rampage  .   E - +1 pair of gloves {Stlth+}
Will     +....                  (no boots)
Stlth    +++++.....             (no amulet)
HPRegen  0.19/turn              z - ring of wizardry
MPRegen  0.18/turn              (no ring)

@: no status effects
A: no striking features
a: Renounce Religion


You were on level 2 of the Lair of Beasts.
You worshipped Vehumet.
Vehumet was pleased with you.
You visited 3 branches of the dungeon, and saw 13 of its levels.

You collected 556 gold pieces.
You spent 221 gold pieces at shops.

Inventory:

Hand Weapons
 f - the +9 dagger of Sohytydd (weapon) {venom, rF+ Dex+4 SInv}
   (You found it on level 4 of the Dungeon)

   It poisons the flesh of those it strikes.
   Dex:       It affects your dexterity (+4).
   rF:        It protects you from fire.
   SInv:      It lets you see invisible.
 s - a +0 hunting sling
 S - the +1 scimitar of Heriacokh {vorpal, +Blink rF+ rN+}
   (You found it on level 8 of the Dungeon)

   It inflicts extra damage upon your enemies.
   rF:        It protects you from fire.
   rN:        It protects you from negative energy.
   +Blink:    It lets you blink.
Missiles
 c - 330 stones
 e - 48 sling bullets
 w - 64 poisoned darts
 A - 3 javelins
 I - 3 throwing nets
Armour
 a - a +0 cloak (worn)
 b - a +0 robe
 E - a +1 pair of gloves of stealth (worn)
 G - a +0 helmet (worn)
 N - a +0 buckler
 V - +0 acid dragon scales (worn)
Jewellery
 z - a ring of wizardry (left hand)
Wands
 k - a wand of digging (4)
 J - a wand of charming (4)
 Q - a wand of flame (19)
 R - a wand of iceblast (8)
Scrolls
 d - a scroll of fear {unknown}
 g - 2 scrolls of vulnerability {unknown}
 i - a scroll of immolation
 j - a scroll of acquirement {unknown}
 l - 3 scrolls of magic mapping
 m - 2 scrolls of amnesia {unknown}
 p - a scroll of holy word {unknown}
 t - a scroll of enchant armour {unknown}
 u - 4 scrolls of teleportation
 v - a scroll of summoning {unknown}
 y - 2 scrolls of enchant weapon {unknown}
 C - 2 scrolls of identify {unknown}
 H - a scroll of blinking {unknown}
 O - 2 scrolls of noise {unknown}
 T - 2 scrolls of silence {unknown}
Potions
 h - 2 potions of might {unknown}
 n - 4 potions of heal wounds
 o - 2 potions of haste {unknown}
 q - a potion of resistance {unknown}
 r - a potion of ambrosia {unknown}
 B - 4 potions of curing
 D - 2 potions of attraction {unknown}
 F - 2 potions of degeneration {unknown}
 K - a potion of lignification {unknown}
 P - 2 potions of invisibility {unknown}
Miscellaneous
 W - a tin of tremorstones (2/2)


   Skills:
 * Level 4.8 Fighting
 + Level 4.0 Short Blades
 + Level 0.6 Armour
 + Level 4.1 Dodging
 + Level 9.6 Stealth
 + Level 7.4 Spellcasting
 * Level 6.8 Conjurations
 + Level 5.9 Hexes
 + Level 3.3 Transmutations
 * Level 3.6 Fire Magic
 * Level 9.3 Earth Magic
 * Level 1.0 Evocations


You had 9 spell levels left.
You knew the following spells:

 Your Spells              Type           Power      Damage    Failure   Level
a - Sandblast             Erth           92%        2d19      1%          1
b - Passwall              Tmut/Erth      28%        N/A       1%          2
c - Stone Arrow           Conj/Erth      82%        3d12      1%          3
d - Petrify               Tmut/Erth      34%        N/A       4%          4
f - Foxfire               Conj/Fire      100%       2x1d9     1%          1
t - Tukima's Dance        Hex            32%        N/A       1%          3

Your spell library contained the following spells:

 Spells                   Type           Power      Damage    Failure   Level
 Freeze                   Ice            28%        1d5       6%          1
 Corona                   Hex            35%        N/A       1%          1
 Shock                    Conj/Air       88%        1d8       1%          1
 Slow                     Hex            32%        N/A       1%          2
 Confusing Touch          Hex            32%        N/A       1%          3
 Ensorcelled Hibernation  Hex/Ice        40%        N/A       2%          2
 Inner Flame              Hex/Fire       27%        N/A       2%          3
 Cause Fear               Hex            16%        N/A       4%          4
 Portal Projectile        Hex/Tloc       40%        N/A       5%          3
 Corpse Rot               Necr/Air       N/A        N/A       9%          2
 Poisonous Vapours        Pois/Air       14%        N/A       9%          2
 Swiftness                Air            7%         N/A       17%         3
 Yara's Violent Unravell  Hex/Tmut       13%        3d7       24%         5
 Blade Hands              Tmut           10%        N/A       38%         5
 Airstrike                Air            3%         N/A       47%         4
 Freezing Cloud           Conj/Ice/Air   8%         6-21      52%         5
 Excruciating Wounds      Necr           3%         N/A       82%         5
 Discord                  Hex            16%        N/A       100%        8


Dungeon Overview and Level Annotations

Branches:
Dungeon (10/15)            Temple (1/1) D:5            Lair (2/6) D:8
  Swamp: Lair:2-4    Shoals: Lair:2-4     Snake: Lair:2-4    Spider: Lair:2-4
    Orc: D:9-12

Altars:
Ashenzari
Cheibriados
Dithmenos
Elyvilon
Fedhas
Gozag
Hepliaklqana
Kikubaaqudgha
Makhleb
Nemelex Xobeh
Okawaru
Qazlal
Ru
Sif Muna
Trog
Uskayaw
Vehumet
Xom
Yredelemnul
Zin
The Shining One

Shops:
D:4 **?   D:7 [!?[


Message History

Press: ? - help, Shift-Dir - straight line, f - tyrant leech
Aim: a tyrant leech (60% to hit)
The stone arrow misses the tyrant leech.
Unknown command.
Casting: Stone Arrow (safe; 1% risk of failure)
Confirm with . or Enter, or press ? or * to list all spells.
Aiming: Stone Arrow (safe; 1% risk of failure)
Press: ? - help, Shift-Dir - straight line, f/p - tyrant leech
Aim: a tyrant leech (60% to hit)
The stone arrow hits the tyrant leech!!
The tyrant leech is moderately wounded.
Unknown command.
Casting: Stone Arrow (safe; 1% risk of failure)
Confirm with . or Enter, or press ? or * to list all spells.
Aiming: Stone Arrow (safe; 1% risk of failure)
Press: ? - help, Shift-Dir - straight line, f/p - tyrant leech
Aim: a tyrant leech (moderately wounded, 60% to hit)
The stone arrow hits the tyrant leech!!
The tyrant leech is severely wounded.
The tyrant leech bites you!
The tyrant leech draws strength from your injuries!
Casting: Stone Arrow (safe; 1% risk of failure)
Confirm with . or Enter, or press ? or * to list all spells.
Aiming: Stone Arrow (safe; 1% risk of failure)
Press: ? - help, Shift-Dir - straight line, f/p - tyrant leech
Aim: a tyrant leech (heavily wounded, 60% to hit)
The stone arrow hits the tyrant leech!!
The tyrant leech is almost dead.
Unknown command.
You hit the tyrant leech but do no damage.
The tyrant leech is poisoned.
The tyrant leech is almost dead.
The tyrant leech bites you!!
The tyrant leech draws strength from your injuries!
You hit the tyrant leech.
The tyrant leech looks as sick as possible!
The tyrant leech is almost dead.
The tyrant leech bites you!!
Ouch! That really hurt!
You die...

##.#.#.#.##
..........#
##.#.#.#.##
#.........#
###.#.#.#.##
##..........##
#..#.#.#.#.#.#♣♣
#..@w.†.......♣♣.♣♣.
#.#<#.#.#.#..).....#
# #######...........
#............
P.............
..........w....
...............
.P##..........##
#.#.###.####


You could see a tyrant leech (extremely poisoned).

Vanquished Creatures
  A two-headed ogre (D:8)
  Pikel (D:7)
  Maggie (D:9)
  An unseen horror (D:10)
  Psyche (D:8)
  2 komodo dragons (Lair:1)
  A troll (D:9)
  A hornet (D:9)
  Prince Ribbit (D:9)
  Sigmund (D:2)
  3 yaks (D:8)
  A wyvern (D:10)
  A steam dragon (D:7)
  4 water moccasins
  3 orc warriors
  An ice beast (D:6)
  An ogre (D:4)
  2 centaurs
  A lemure (D:7)
  3 phantoms
  2 gnoll sergeants
  6 bullfrogs
  3 scorpions
  5 wights
  10 killer bees (D:9)
  3 howler monkeys (D:8)
  3 centaur zombies (D:9)
  4 hounds
  6 orc priests
  A centaur skeleton (D:6)
  4 iguanas
  A scorpion zombie (D:5)
  2 gnoll shamans
  7 orc wizards
  A hound zombie (D:5)
  19 gnolls
  7 adders
  A shadow imp (D:6)
  An adder skeleton (D:4)
  3 worms (D:3)
  5 dart slugs
  11 orcs
  7 bats
  6 endoplasms
  3 giant cockroaches
  8 hobgoblins
  2 jackals (D:1)
  5 quokkas
  8 ball pythons
  A frilled lizard (D:2)
  A goblin (D:4)
  3 kobolds
  5 rats
185 creatures vanquished.

Vanquished Creatures (collateral kills)
  A killer bee (D:9)
1 creature vanquished.

Vanquished Creatures (others)
  A dancing weapon (D:6)
  27 foxfires
28 creatures vanquished.

Grand Total: 214 creatures vanquished

Notes
Turn   | Place    | Note
-------+----------+-------------------------------------------
     0 | D:1      | Ekaitz the Deep Elf Earth Elementalist began the quest for
                  | the Orb.
     0 | D:1      | Reached XP level 1. HP: 10/10 MP: 6/6
   387 | D:1      | Reached XP level 2. HP: 13/15 MP: 2/8
   430 | D:1      | Learned a level 2 spell: Passwall
  1168 | D:2      | Noticed Sigmund
  1324 | D:2      | Found a faded altar of an unknown god.
  1745 | D:2      | Reached XP level 3. HP: 16/19 MP: 6/10
  1749 | D:2      | Learned a level 3 spell: Stone Arrow
  1851 | D:2      | Reached skill level 1 in Conjurations
  2355 | D:3      | Noticed a phantom
  2394 | D:3      | Killed a phantom
  2395 | D:3      | Reached XP level 4. HP: 2/24 MP: 0/12
  2787 | D:3      | Reached XP level 5. HP: 28/28 MP: 6/13
  2792 | D:3      | Learned a level 4 spell: Petrify
  3323 | D:3      | Reached skill level 1 in Fighting
  4035 | D:3      | Reached skill level 5 in Earth Magic
  4453 | D:3      | Reached XP level 6. HP: 31/34 MP: 12/15
  4785 | D:3      | Learned a level 3 spell: Tukima's Dance
  5094 | D:4      | Reached skill level 1 in Short Blades
  5410 | D:4      | Identified the +9 dagger of Sohytydd {venom, rF+ Dex+4
                  | SInv}
  5522 | D:4      | Reached skill level 1 in Hexes
  5579 | D:4      | Found Kinog's Magic Scroll Shoppe.
  5596 | D:4      | Bought a scroll of teleportation for 33 gold pieces
  5596 | D:4      | Bought a scroll of magic mapping for 38 gold pieces
  5601 | D:4      | Found Lur Ces's Assorted Antiques.
  5606 | D:4      | Bought a red potion for 19 gold pieces
  5606 | D:4      | Bought a purple potion for 19 gold pieces
  5717 | D:4      | Found Hogesypsit's General Store.
  5864 | D:5      | Entered Level 5 of the Dungeon
  5872 | D:5      | Reached skill level 5 in Spellcasting
  5943 | D:5      | Reached XP level 7. HP: 38/38 MP: 9/16
  6041 | D:5      | You fall into a shaft and drop 1 floor!
  6980 | D:5      | Found a staircase to the Ecumenical Temple.
  7249 | Temple   | Entered the Ecumenical Temple
  7318 | Temple   | Became a worshipper of Vehumet
  7447 | D:2      | Killed Sigmund
  7448 | D:2      | Reached skill level 5 in Stealth
  7448 | D:2      | Reached XP level 8. HP: 44/44 MP: 7/17
  8525 | D:7      | Found Kijoik's Magic Scroll Emporium.
  8555 | D:7      | Found Ejasm's Armour Shop.
  9008 | D:7      | Found Resm's Distillery.
  9016 | D:7      | Bought a potion of heal wounds for 70 gold pieces
  9016 | D:7      | Bought a potion of curing for 42 gold pieces
  9044 | D:7      | Found Watuhoug's Armour Shoppe.
  9286 | D:7      | Noticed Pikel
  9295 | D:7      | Killed Pikel
  9296 | D:7      | Reached skill level 5 in Conjurations
  9296 | D:7      | Reached XP level 9. HP: 51/51 MP: 16/19
  9420 | D:8      | Identified the +1 scimitar of Heriacokh {vorpal, +Blink rF+
                  | rN+}
  9448 | D:8      | Noticed Psyche
  9458 | D:8      | Killed Psyche
  9459 | D:8      | Reached skill level 5 in Hexes
  9564 | D:8      | Reached * piety under Vehumet
  9564 | D:8      | Offered knowledge of Foxfire by Vehumet.
  9582 | D:8      | Learned a level 1 spell: Foxfire
 10206 | D:8      | Reached XP level 10. HP: 54/56 MP: 10/21
 10397 | D:8      | Noticed a two-headed ogre
 10407 | D:8      | Killed a two-headed ogre
 10408 | D:8      | Reached skill level 1 in Fire Magic
 10437 | D:8      | Found a staircase to the Lair.
 11411 | D:9      | Noticed Prince Ribbit
 11419 | D:9      | Killed Prince Ribbit
 11448 | D:9      | Offered knowledge of Freeze by Vehumet.
 11593 | D:9      | Noticed Maggie
 11678 | D:9      | Reached ** piety under Vehumet
 12185 | D:9      | Killed Maggie
 12616 | D:10     | Entered Level 10 of the Dungeon
 12632 | D:10     | Noticed a cyclops
 12632 | D:10     | Noticed a tengu warrior
 12920 | Lair:1   | Entered Level 1 of the Lair of Beasts
 13729 | Lair:2   | Reached skill level 1 in Evocations
 13756 | Lair:2   | Mangled by a tyrant leech

Illustrated notes

Levels and vault maps discovered:
D:1:      lightli_arrival_windingriver, layout_basic
D:2:      layout_rooms, basic_ecumenical_altar, minmay_misc_feat_tiny,
          uniq_sigmund
D:3:      layout_loops_corners, moated_statue, minmay_joined_circles
D:4:      layout_gridville, serial_shops, kennysheep_little_box,
          nicolae_stop_n_shop_2, shop, chequers_decorated_corner
D:5:      layout_layer_cave, minmay_temple_entry_enclosed_plants
D:6:      layout_loops_ring
D:7:      layout_gridville, serial_shops, nicolae_shop_crystal, shop,
          nicolae_square_shop, shop, uniq_pikel
D:8:      layout_loops_ring, lair_entry_dummy, uniq_psyche
D:9:      layout_stronghold, kennysheep_generic_room_6, uniq_maggie,
          uniq_prince_ribbit1
D:10:     layout_irregular_city, mainiacjoe_overflow_cross_hatched,
          gammafunk_ghost_spectres, minmay_pinched_square, uniq_urug
Temple:   grunt_wide_crystal_templ
Lair:1:   layout_regular_city, serial_bayou_crossing
Lair:2:   layout_cave_pods, minmay_swamp_entry_worms, serial_bayou_pond_d,
          minivault_25, st_stairs_9, nzn_masters_of_martial_movement,
          minmay_lair_oklob_chamber, serial_bayou_shore_b, uniq_sonja

Skill      XL: |  1  2  3  4  5  6  7  8  9 10 |
---------------+-------------------------------+-----
Earth Magic    | 4 5 6 7 8 9 |  9.3
Conjurations   | 1 2 4 5 6 |  6.8
Spellcasting   | 4 5 6 7 |  7.4
Fighting       | 1 2 3 4 |  4.8
Stealth        | 3 4 5 7 8 9 |  9.6
Dodging        | 3 4 |  4.1
Short Blades   | 1 2 3 4 |  4.0
Hexes          | 1 2 4 5 |  5.9
Transmutations | 2 3 |  3.3
Fire Magic     | 3 |  3.6
Evocations     | 1 |  1.0
Armour         | |  0.6

Action                   |  1- 3 |  4- 6 |  7- 9 | 10-12 || total
-------------------------+-------+-------+-------+-------++-------
Melee: Dagger            |    57 |   104 |    96 |    48 ||   305
 Cast: Sandblast         |    32 |    19 |     1 |       ||    52
       Passwall          |     4 |    10 |    15 |    12 ||    41
       Stone Arrow       |     5 |    34 |    38 |    27 ||   104
       Tukima's Dance    |       |       |     2 |       ||     2
       Petrify           |       |       |     3 |     3 ||     6
       Foxfire           |       |       |       |    17 ||    17
Evoke: Wand              |       |       |       |     1 ||     1
  Use: Scroll            |       |       |     1 |     1 ||     2
 Stab: Sleeping          |     6 |     9 |    25 |    15 ||    55
       Petrified         |       |       |       |     3 ||     3
Armor: Robe              |    16 |    27 |    12 |     7 ||    62
       Acid dragon scale |       |       |       |     8 ||     8
Dodge: Dodged            |    43 |    90 |    46 |    32 ||   211
